AoeStats
← kimbo

Hill Fort

506116777Analyzed
2v2 RM · 21d ago on Sep 12, 2026· 43m 27s· 4 players
Game mode
Random Map
Map size
Medium (4 player)
Population
200
Speed
Normal
Resources
Standard
Victory
Conquest
Starting age
Dark Age
Ending age
Imperial Age
RankedLock teamsTeams togetherTeam positionsShared explorationLock speedFull tech treeHidden civsTurbo modeCheats
Victory
Defeat
🇭🇰 Inca · Hong Kong SAR China
1339
+16
🇭🇰 Slavs · Hong Kong SAR China
1328
+17
🇦🇷 Tupi · Argentina
1345
-17
🇦🇷 Franks · Argentina
1341
-16
leo2000112
11:23 Feudal Age
12:30 Horse Collar
12:39 Double-Bit Axe
14:16 Loom
18:30 Castle Age
17:29 Fletching
18:32 Gold Mining
18:47 Padded Archer Armor
18:42 Crossbowman
19:20 Bodkin Arrow
20:31 Leather Archer Armor
25:42 Heavy Plow
26:56 Ballistics
28:02 Bow Saw
29:08 Wheelbarrow
34:23 Imperial Age
35:26 Conscription
34:32 Arbalester
35:18 Thumb Ring
36:19 Bracer
36:30 Forging
36:20 Scale Mail Armor
37:31 Ring Archer Armor
37:41 Fabric Shields
39:07 Hand Cart
39:33 Scale Mail Armor
40:08 Iron Casting
39:55 Elite Kamayuk
40:37 Fabric Shields
40:35 Champi Runner
41:15 Squires
41:01 Arson
42:09 Chain Mail Armor
42:55 Blast Furnace
41:20 Champi Warrior
42:08 Andean Sling
42:25 Elite Champi Warrior
43:37 Caravan
blue
7:31 Loom
7:35 Loom
10:08 Feudal Age
8:56 Loom
12:26 Horse Collar
12:34 Double-Bit Axe
18:49 Castle Age
17:25 Scale Barding Armor
18:06 Stone Mining
18:08 Gold Mining
22:28 Pikeman
26:51 Scale Mail Armor
27:58 Gold Shaft Mining
29:34 Detinets
33:32 Imperial Age
32:06 Chain Mail Armor
31:49 Fletching
32:43 Forging
33:15 Heavy Plow
33:43 Bow Saw
34:01 Husbandry
34:51 Chain Barding Armor
35:25 Wheelbarrow
34:47 Town Watch
35:52 Squires
37:20 Hand Cart
36:29 Halberdier
37:47 Plate Barding Armor
37:50 Iron Casting
37:47 Plate Mail Armor
40:07 Conscription
39:49 Druzhina
41:12 Plate Barding Armor
41:13 Iron Casting
40:34 Bodkin Arrow
41:37 Elite Boyar
Pingocho
11:01 Feudal Age
14:56 Castle Age
13:03 Double-Bit Axe
16:01 Loom
17:05 Scale Barding Armor
25:11 Chain Barding Armor
29:47 Gold Mining
30:18 Bow Saw
31:28 Wheelbarrow
34:01 Imperial Age
32:29 Husbandry
33:30 Forging
35:19 Plate Barding Armor
34:05 Cavalier
37:20 Iron Casting
39:16 Gold Shaft Mining
38:58 Hand Cart
41:09 Paladin
43:49 Conscription
kimbo
10:33 Feudal Age
14:39 Castle Age
13:21 Double-Bit Axe
14:20 Fletching
15:34 Horse Collar
16:10 Bow Saw
16:17 Horse Collar
16:25 Loom
24:42 Bodkin Arrow
26:39 Wheelbarrow
34:43 Imperial Age
35:07 Ballistics
35:47 Elite Blackwood Archer
36:29 Bracer
36:29 Padded Archer Armor
39:01 Chemistry
39:20 Two-Man Saw
38:11 Gold Mining
38:11 Stone Mining
38:22 Heavy Plow
40:19 Leather Archer Armor
41:30 Curare
41:59 Ring Archer Armor
Connection lost

Rejoining the realm…

Still unreachable

The connection could not be restored.

Session expired

The server has moved on; the page needs a fresh start.